Map: Blueshift LE

Players

Stats

  • Race: Protoss Protoss
  • Spawn Location: 7:00

SpeCial - Winner!

  • Race: Terran Terran
  • Spawn Location: 1:00

Event: 2018 WCS Global Finals

VOD

Have the link to the VOD?

Description

Time

  • Played on: Nov. 2, 2018, 5:01 p.m.
  • Length: 7:31

All games in this series

Show
View Real Time Build Order
Export as new Build Order

Stats Protoss 

Build Orders: Oracle Opening 

Get SALT Encoding   

  12  0:00  Probe  
  13  0:12  Probe  
  14  0:17  Pylon  
  14  0:24  Probe  
  15  0:32  Probe  
  15  0:36  Gateway  
  15  0:40  Probe  
  16  0:46  Assimilator  
  17  0:51  Probe  
  18  1:03  Probe  
  19  1:09  Pylon  
  19  1:10  Assimilator  
  19  1:15  Probe  
  20  1:24  Cybernetics Core  
  20  1:27  Probe  
  20  1:28  Zealot  
  23  1:39  Probe  
  24  1:49  Pylon  
  24  1:51  Probe, Adept  
  27  2:02  Warp Gate  
  27  2:03  Probe  
  27  2:07  Stargate  
  28  2:11  Stalker  
  30  2:37  Stalker  
  30  2:43  Probe  
  33  2:46  Oracle  
  35  3:06  Nexus  
  35  3:11  Probe  
  37  3:29  Oracle, Pylon  
  37  3:32  Gateway  
  39  3:44  Gateway  
  39  3:47  Probe  
  40  3:59  Probe  
  41  4:03  Pylon  
  41  4:08  Phoenix  
  43  4:10  Probe  
  43  4:16  Probe  
  44  4:18  Probe  
  46  4:26  Probe x2  
  48  4:36  Stalker x2  
  52  4:41  Probe x2  
  52  4:42  Stalker  
  56  4:51  Pylon  
  56  4:53  Probe x2  
  56  5:03  Stalker x2  
  56  5:06  Stalker  
  52  5:21  Probe x2  
  52  5:27  Stalker x2  
  58  5:32  Stalker  
  58  5:50  Probe x2  
  58  5:55  Shield Battery  
  58  5:56  Stalker  
  58  5:57  Stalker, Shield Battery  
  64  6:03  Stalker  
  66  6:06  Probe x2  
  68  6:17  Shield Battery  
  68  6:19  Pylon  
  66  6:28  Adept x3  
  60  6:50  Stalker x3  
  46  7:11  Sentry, Stalker x2  
  52  7:19  Pylon  
  52  7:20  Pylon  
  52  7:22  Pylon  
Show
View Real Time Build Order
Export as new Build Order

SpeCial Terran - Winner!

Build Orders: Cyclone Opening 

Get SALT Encoding   

  12  0:00  SCV  
  13  0:12  SCV  
  14  0:17  Supply Depot  
  14  0:24  SCV  
  15  0:39  SCV  
  15  0:40  Barracks  
  16  0:46  Refinery  
  16  0:51  SCV  
  16  0:55  Refinery  
  17  1:03  SCV  
  18  1:15  SCV  
  19  1:27  Reaper  
  19  1:29  Orbital Command  
  20  1:37  Supply Depot  
  20  1:45  Factory  
  20  1:54  Engineering Bay  
  20  1:58  SCV  
  21  2:10  SCV  
  22  2:23  SCV  
  22  2:28  Cyclone  
  26  2:34  Starport  
  26  2:35  SCV  
  27  2:47  SCV  
  28  2:58  Command Center  
  28  2:59  SCV  
  28  3:01  Widow Mine  
  28  3:05  Supply Depot  
  31  3:10  Barracks Reactor  
  31  3:27  Viking, Cyclone, SCV  
  37  3:29  Supply Depot  
  37  3:39  SCV  
  38  3:51  SCV, Supply Depot  
  41  4:05  Viking  
  41  4:07  SCV  
  42  4:11  Orbital Command  
  42  4:12  Cyclone  
  42  4:13  Cyclone  
  42  4:14  Marine  
  49  4:22  SCV  
  50  4:26  Supply Depot  
  49  4:32  Marine  
  49  4:35  Orbital Command  
  49  4:38  SCV  
  49  4:49  Cyclone x2  
  55  4:55  SCV  
  55  4:56  Marine  
  57  5:07  SCV  
  57  5:08  Viking  
  57  5:10  Orbital Command  
  57  5:13  Marine  
  61  5:20  SCV  
  62  5:22  Widow Mine x2  
  64  5:31  Marine  
  64  5:32  SCV  
  66  5:43  Cyclone  
  66  5:44  SCV  
  66  5:49  Marine  
  71  5:53  SCV  
  71  5:56  SCV  
  73  6:05  SCV  
  73  6:08  SCV  
  73  6:15  Cyclone  
  73  6:17  SCV  
  77  6:18  Supply Depot  
  77  6:19  Marine  
  77  6:23  SCV  
  77  6:29  SCV  
  77  6:35  SCV  
  77  6:39  Marine  
  73  6:41  SCV  
  69  6:48  SCV  
  69  6:53  SCV  
  66  6:57  Marine  
  66  7:00  SCV  
  63  7:05  SCV  
  60  7:12  SCV  
Tags
 
Add a new tag
Caveats
  • Supply blocks, unpowered buildings, or Contaminate may cause inaccurate times.
  • Supply counts are checked every 10 seconds.